 Dungeon Crawl Stone Soup version 0.19-a0-459-gb8ed64d (webtiles) character file.

63804 ololoev the Eclecticist (level 14, -1/74 (75) HPs)
             Began as a Deep Elf Fire Elementalist on June 2, 2016.
             Was the Champion of Sif Muna.
             Slain by an eight-headed hydra zombie (8 damage)
             ... on level 4 of the Swamp.
             The game lasted 01:44:43 (8972 turns).

ololoev the Eclecticist (DEFE)                      Turns: 8972, Time: 01:44:44

HP:   -1/74 (75)    AC:  9    Str:  5    XL:     14   Next: 69%
MP:   20/36         EV: 16    Int: 26    God:    Sif Muna [******]
Gold: 1099          SH:  6    Dex: 15    Spells: 9 memorised, 8 levels left

rFire  + . .     SeeInvis .     a - staff of conjuration
rCold  + . .     Gourm    .     b - +0 robe {rC+}
rNeg   . . .     Faith    .     N - +1 buckler {reflect}
rPois  .         Spirit   .     K - +0 helmet
rElec  .         Dismiss  .     v - +0 cloak
rCorr  .         Reflect  +     (no gloves)
SustAt .         Harm     .     M - +0 pair of boots
MR     +....                    z - amulet of regeneration
Stlth  ++........               B - +4 ring of protection
                                i - ring of protection from fire

@: lethally poisoned (-1 -> -27), about to teleport, slowed, delayed fireball,
very slow, somewhat resistant to hostile enchantments, unstealthy
A: no striking features
a: Channel Energy, Forget Spell, Renounce Religion, Release Delayed Fireball

Inventory:

Hand Weapons
 q - the cursed +2 flail of the Gloaming {drain, -Tele rElec rC+ Dex+3, unknown}
   (You found it on level 2 of the Swamp)

   A truly terrible weapon, it drains the life of those it strikes.
   It affects your dexterity (+3).
   It protects you from cold.
   It insulates you from electricity.
   It prevents most forms of teleportation.
   It has a curse placed upon it.
Armour
 b - a +0 robe of cold resistance (worn)
 v - a +0 cloak (worn)
 K - a +0 helmet (worn)
 M - a +0 pair of boots (worn)
 N - a +1 buckler of reflection (worn)
Magical Staves
 a - an uncursed staff of conjuration (weapon)
 x - an uncursed staff of power
Jewellery
 i - a ring of protection from fire (left hand)
 y - an uncursed ring of sustain attributes
 z - an amulet of regeneration (around neck)
 B - a +4 ring of protection (right hand)
 C - an uncursed ring of protection from cold
 S - an uncursed ring of see invisible
Wands
 t - a wand of digging (15/24)
 D - a wand of acid (8/15)
Scrolls
 d - 6 scrolls of recharging
 j - 3 scrolls of magic mapping
 l - a scroll of amnesia
 n - 2 scrolls of teleportation
 o - 2 scrolls of enchant armour
 r - a scroll of immolation
 F - a scroll of remove curse
 Q - 5 scrolls of fog
 R - a scroll of brand weapon {unknown}
Potions
 e - a potion of invisibility
 f - a potion of cancellation {unknown}
 g - a potion of magic {unknown}
 k - 2 potions of might
 u - a potion of brilliance {unknown}
 w - 3 potions of lignification {unknown}
 E - 4 potions of curing
 G - a potion of haste {unknown}
 J - 3 potions of flight {unknown}
 L - a potion of agility {unknown}
 O - a potion of mutation {unknown}
 P - a potion of heal wounds
Books
 A - a book of the Tempests

   Spells                             Type                      Level
   a - Static Discharge               Conjuration/Air              3
   b - Lightning Bolt                 Conjuration/Air              5
   c - Fireball                       Conjuration/Fire             5
   d - Tornado                        Air                          9
   e - Shatter                        Earth                        9
 I - Sif Muna's Volume of Conjuration
   (Sif Muna gifted it to you on level 2 of the Lair of Beasts)

   Spells                             Type                      Level
   a - Magic Dart                     Conjuration                  1
   b - Iskenderun's Battlesphere      Conjuration/Charms           5
   c - Orb of Destruction             Conjuration                  7
   d - Chain Lightning                Conjuration/Air              8
   e - Fire Storm                     Conjuration/Fire             9
Comestibles
 c - 4 bread rations
 h - 4 beef jerkies
 m - 16 fruits
 p - 6 meat rations


   Skills:
 + Level 3.7 Fighting
 + Level 6.0 Dodging
 - Level 2.4 Stealth
 - Level 4.4 Shields
 * Level 16.3 Spellcasting
 * Level 14.8 Conjurations
 * Level 14.4 Fire Magic
 + Level 1.5 Earth Magic
 + Level 9.5 Invocations


You had 8 spell levels left.
You knew the following spells:

 Your Spells              Type           Power        Failure   Level  Hunger
a - Fireball              Conj/Fire      #######...   1%          5    None
b - Conjure Flame         Conj/Fire      #######.     1%          3    None
c - Sticky Flame          Conj/Fire      #######.     1%          4    None
d - Bolt of Fire          Conj/Fire      #######...   1%          6    ####...
e - Inner Flame           Hex/Fire       ######..     1%          3    None
f - Flame Tongue          Conj/Fire      #####        0%          1    None
g - Orb of Destruction    Conj           #######...   6%          7    #####..
q - Delayed Fireball      Conj/Fire      N/A          6%          7    #####..
s - Iron Shot             Conj/Erth      #######...   14%         6    ####...


You were on level 4 of the Swamp.
You worshipped Sif Muna.
Sif Muna was exalted by your worship.
You were not hungry.

You visited 5 branches of the dungeon, and saw 25 of its levels.
You also visited: Labyrinth and Ice Cave.

You collected 1099 gold pieces.

# ≈## ####§≈≈##
♣♣## ##§@kZ.≈≈#
♣≈≈##
##§§§ZZ.≈≈≈#
♣≈≈≈#
###§§§###ZZ≈.#
♣≈≈≈#######....##
Z≈##
♣.≈≈≈##≈§§..§.##
##
♣.≈≈≈≈#.§.§§###
♣..≈≈≈..§§≈##
♣..≈≈....###
..≈≈≈..###

Notes
Turn   | Place    | Note
--------------------------------------------------------------
     0 | D:1      | ololoev the Deep Elf Fire Elementalist began the quest for the Orb.
     0 | D:1      | Reached XP level 1. HP: 10/10 MP: 6/6
   192 | D:1      | Reached XP level 2. HP: 10/15 MP: 1/8
   386 | D:5      | Entered Level 5 of the Dungeon
   392 | D:4      | Noticed Natasha
   397 | D:4      | Noticed a crimson imp
   400 | D:4      | Killed Natasha
   400 | D:4      | Reached XP level 3. HP: 10/19 MP: 6/10
   407 | D:4      | Noticed an ogre
   415 | D:4      | Learned a level 3 spell: Conjure Flame
   419 | D:4      | Learned a level 3 spell: Inner Flame
   429 | D:4      | Killed an ogre
   429 | D:4      | Reached skill level 4 in Spellcasting
   429 | D:4      | Reached XP level 4. HP: 16/24 MP: 1/12
   435 | D:4      | Found a sacrificial altar of Ru.
   461 | D:4      | Reached XP level 5. HP: 21/28 MP: 3/13
   471 | D:4      | Learned a level 4 spell: Sticky Flame
   736 | D:4      | Noticed Edmund
   753 | D:4      | Killed Edmund
   753 | D:4      | Reached skill level 5 in Spellcasting
   753 | D:4      | Reached skill level 5 in Conjurations
   753 | D:4      | Reached skill level 5 in Fire Magic
   753 | D:4      | Reached XP level 6. HP: 32/32 MP: 4/15
   795 | D:4      | Found Vilupica's Gadget Emporium.
   961 | D:4      | Noticed Blork the orc
   969 | D:4      | Killed Blork the orc
   969 | D:4      | Reached XP level 7. HP: 35/36 MP: 1/17
  1238 | D:6      | jacquesderrida: хай
  1241 | D:6      | jacquesderrida: флейл +5
  1241 | D:6      | jacquesderrida: положи эдмунду на могилку
  1241 | D:6      | ololoev: yo
  1252 | D:5      | Goblin1989: Сколько уже эльфов убил?
  1252 | D:5      | ololoev: я его взял с эдмундовой могилки
  1252 | D:5      | ololoev: много
  1252 | D:5      | jacquesderrida: Ноль
  1261 | D:5      | jacquesderrida: Это же только данжен 5!
  1261 | D:5      | jacquesderrida: ;^)
  1266 | D:5      | jacquesderrida: (^;
  1417 | D:6      | Learned a level 5 spell: Fireball
  1472 | D:7      | Found an oddly glowing altar of Pakellas.
  1486 | D:6      | Found a staircase to the Ecumenical Temple.
  1495 | Temple   | Entered the Ecumenical Temple
  1539 | Temple   | Became a worshipper of Sif Muna the Loreminder
  1642 | D:6      | Reached skill level 6 in Spellcasting
  1694 | D:7      | Found a blossoming altar of Fedhas.
  1718 | D:7      | Noticed Joseph
  1880 | D:8      | Found a white marble altar of Elyvilon.
  1907 | D:8      | ololoev: регенчи
  1907 | D:8      | ololoev: нойс
  1953 | D:8      | Found a sparkling altar of Nemelex Xobeh.
  1955 | D:9      | Noticed a hippogriff
  1955 | D:9      | Noticed tstbtto's ghost (novice HOGl)
  1957 | D:9      | Noticed a troll
  1963 | D:8      | Killed a hippogriff
  1963 | D:8      | Reached skill level 1 in Invocations
  1963 | D:8      | Reached XP level 8. HP: 32/41 MP: 2/20
  2007 | D:7      | Noticed Pikel
  2108 | D:9      | Reached * piety under Sif Muna
  2108 | D:9      | Reached skill level 7 in Spellcasting
  2245 | D:9      | Noticed a troll
  2248 | D:9      | Killed a troll
  2249 | D:9      | Goblin1989: Кто такой пани?
  2249 | D:9      | ololoev: ренифелл?
  2249 | D:9      | ololoev: поцик такой есть
  2249 | D:9      | Goblin1989: Или Пени
  2255 | D:9      | Reached skill level 8 in Spellcasting
  2285 | D:9      | Reached ** piety under Sif Muna
  2291 | D:9      | ReniFell: Я человек
  2304 | D:9      | ReniFell: А ч
  2310 | D:9      | Goblin1989: оу
  2310 | D:9      | Goblin1989: неловко получилось
  2310 | D:9      | Goblin1989: звиняюсь
  2310 | D:9      | ReniFell: Лол, норм все
  2310 | D:9      | ReniFell: Я все wondering кем играть
  2310 | D:9      | ololoev: DEFE^Veh
  2310 | D:9      | ReniFell: Ок
  2310 | D:9      | Goblin1989: я все-таки не понимаю как за демонспавнов играть
  2310 | D:9      | ololoev: а что ими играть
  2310 | D:9      | ololoev: берешь DsFE^Veh
  2310 | D:9      | ololoev: да что там
  2310 | D:9      | Goblin1989: мой демонспавн во вторых орках чуть не огребся опять
  2310 | D:9      | ololoev: берешь --FE^Veh
  2310 | D:9      | ReniFell: Походу ты всех fe^veh берешь
  2310 | D:9      | ololoev: ну да, это генетическое
  2310 | D:9      | Goblin1989: ну да
  2324 | D:9      | ReniFell: А я всех fi^okawaru
  2325 | D:9      | Goblin1989: он любит их
  2326 | D:9      | ololoev: я уж думаю не сделать ли мне !greatrole FE
  2326 | D:9      | ololoev: ккак наспидранюсб - начну --FE streak
  2338 | D:9      | Reached XP level 9. HP: 45/45 MP: 16/23
  2342 | D:9      | Goblin1989: я тут вчера перед сном заценил треттий берсеркеринг
  2353 | D:9      | Goblin1989: на DsMo под Чеи
  2355 | D:9      | Goblin1989: это имба дикая до Л8
  2355 | D:9      | Goblin1989: и О2
  2355 | D:9      | Goblin1989: дальше я его убрал просто
  2355 | D:9      | jacquesderrida: Хенирени, опять канючишь
  2355 | D:9      | jacquesderrida: Давай, играй!
  2355 | D:9      | jacquesderrida: Бери кого-нибудь
  2355 | D:9      | jacquesderrida: И играй.................
  2355 | D:9      | Goblin1989: я?
  2355 | D:9      | jacquesderrida: Бери принца персии
  2355 | D:9      | jacquesderrida: ТЫ ХЕНИРЕНИ?!
  2355 | D:9      | Goblin1989: мне лееень
  2355 | D:9      | jacquesderrida: Здесь только один ХЕНИРЕНИ!...
  2355 | D:9      | Goblin1989: тут нет таких
  2355 | D:9      | jacquesderrida: Есть!
  2355 | D:9      | Goblin1989: ???
  2355 | D:9      | jacquesderrida: Da!
  2355 | D:9      | Found a staircase to the Lair.
  2362 | D:9      | ReniFell: Пойду пытать DECj, пока они не подадут на меня в суд за геноцид
  2388 | D:9      | jacquesderrida: https://www.youtube.com/watch?v=5D25Xn0C_OQ
  2391 | D:9      | jacquesderrida: lan dovai
  2405 | D:9      | Goblin1989: опять какая-нибудь хня?
  2405 | D:9      | Killed a troll
  2405 | D:9      | Reached skill level 9 in Spellcasting
  2487 | D:10     | Entered Level 10 of the Dungeon
  2489 | D:10     | Noticed a gargoyle
  2497 | D:9      | Killed a gargoyle
  2497 | D:9      | Reached *** piety under Sif Muna
  2783 | D:9      | Killed tstbtto's ghost
  2783 | D:9      | Reached skill level 10 in Spellcasting
  2784 | D:9      | ololoev: Tstbtto's ghost explodes!
  2784 | D:9      | ololoev: упокоил с почестями
  2784 | D:9      | ololoev: с салютом!!
  3014 | D:10     | Goblin1989: меня этот гад сегодня раз убил
  3019 | D:10     | ololoev: считай я ему отомстил
  3069 | D:10     | jacquesderrida: Он ботит
  3075 | D:10     | jacquesderrida: Вот и призраков дохуя
  3076 | D:10     | Goblin1989: кстати объяснимте мне что происходит с ядовитым уроном в ранке?
  3083 | D:10     | jacquesderrida: ЧТО?
  3083 | D:10     | ololoev: а что не так?
  3083 | D:10     | ololoev: все норм вроде
  3120 | D:10     | Goblin1989: я вчера без рпоиз весь лэир прошел и меня ни разу не отравили!
  3125 | D:10     | jacquesderrida: Павизло!
  3125 | D:10     | ololoev: кем?
  3125 | D:10     | ololoev: DsFE?
  3125 | D:10     | Goblin1989: не
  3125 | D:10     | Goblin1989: VsAs
  3125 | D:10     | jacquesderrida: МУММИЯ БЕЗ РПОИЗ
  3125 | D:10     | Goblin1989: транк же
  3143 | D:10     | Reached XP level 10. HP: 39/50 MP: 15/26
  3185 | D:10     | Goblin1989: а потом я другим персонажем бегал и меня то травили, то нет
  3189 | D:10     | jacquesderrida: https://a.fsdn.com/con/app/proj/crawl-ref/screenshots/156069.jpg
  3190 | D:10     | jacquesderrida: https://a.fsdn.com/con/app/proj/crawl-ref/screenshots/156071.jpg
  3195 | D:10     | jacquesderrida: ;^)
  3306 | D:10     | Goblin1989: по-моему они что-то сломали
  3309 | D:10     | Goblin1989: дэвы
  3343 | D:10     | Reached **** piety under Sif Muna
  3382 | D:10     | jacquesderrida: MYSOGINIA!!
  3397 | D:10     | Noticed a hill giant
  3414 | D:10     | Killed a hill giant
  3414 | D:10     | Reached skill level 10 in Conjurations
  3440 | D:10     | Reached skill level 5 in Invocations
  3536 | D:10     | Found a staircase to the Orcish Mines.
  3547 | Orc:1    | Entered Level 1 of the Orcish Mines
  3559 | Orc:1    | Noticed a stone giant
  3560 | Orc:1    | ololoev: емаанрот
  3560 | Orc:1    | ololoev: с одной стороны хочется орков почистить
  3560 | Orc:1    | ololoev: с другой я же рипнусь за два хода!
  3645 | Lair:1   | Entered Level 1 of the Lair of Beasts
  3656 | Lair:1   | Reached ***** piety under Sif Muna
  3662 | Lair:1   | Goblin1989: Ты DsBe тоже спидранил?
  3662 | Lair:1   | ololoev: пробовал
  3662 | Lair:1   | ololoev: 44.4к ходов, не шибко получилось
  3671 | Lair:2   | Noticed an elephant
  3671 | Lair:2   | Noticed a four-headed hydra
  3677 | Lair:1   | Noticed a black mamba
  3682 | Lair:1   | Killed a black mamba
  3682 | Lair:1   | Reached skill level 11 in Spellcasting
  3682 | Lair:1   | Reached skill level 10 in Fire Magic
  3915 | Lair:2   | Learned a level 6 spell: Bolt of Fire
  3951 | Lair:2   | Killed an elephant
  3977 | Lair:2   | Noticed an elephant
  3991 | Lair:2   | Killed a four-headed hydra
  3991 | Lair:2   | Reached XP level 11. HP: 54/54 MP: 8/28
  4109 | Lair:2   | Reached skill level 12 in Spellcasting
  4119 | Lair:2   | Reached ****** piety under Sif Muna
  4176 | Lair:2   | Received a gift from Sif Muna
  4177 | Lair:2   | Identified Sif Muna's Volume of Conjuration (Sif Muna gifted it to you on level 2 of the Lair of Beasts)
  4186 | Lair:2   | Learned a level 7 spell: Orb of Destruction
  4567 | Lair:2   | Reached skill level 13 in Spellcasting
  4696 | Lair:2   | Reached XP level 12. HP: 59/59 MP: 12/31
  4727 | Lair:2   | Received a gift from Sif Muna
  4739 | Lair:2   | Noticed a seven-headed hydra
  4744 | Lair:2   | Killed a seven-headed hydra
  4800 | Lair:2   | DEFE: аквар
  4803 | Lair:2   | DEFE: но вот бида
  4803 | Lair:2   | DEFE: жалко акварить
  4803 | Lair:2   | ololoev: лол
  4803 | Lair:2   | ololoev: да и хз что акварить
  4803 | Lair:2   | DEFE: он же наакварит какой-нибудь плащ+0
  4803 | Lair:2   | ololoev: +0 hat
  4803 | Lair:2   | ololoev: шапо наверняка еще не падало
  4849 | Lair:2   | Noticed a dire elephant
  4859 | Lair:2   | DEFE: классика, да
  4880 | Lair:2   | Killed a dire elephant
  5040 | Lair:2   | jacquesderrida: * Wands of random effects can no longer produce digging or disintegration.
  5118 | Lair:3   | Reached skill level 14 in Spellcasting
  5145 | Lair:3   | Identified the Tome of Beyond
  5228 | Lair:3   | Noticed a five-headed hydra
  5232 | Lair:3   | Killed a five-headed hydra
  5249 | Lair:3   | DEFE: я окончательно перекатываюсь в 0.17
  5252 | Lair:3   | ololoev: lolwhy?
  5263 | Lair:3   | DEFE: >Wands of random effects can no longer produce digging or disintegration
  5266 | Lair:3   | ololoev: neenujno
  5286 | Lair:3   | DEFE: Я любил копать
  5289 | Lair:3   | DEFE: этим вандом
  5298 | Lair:3   | Found a radiant altar of Vehumet.
  5301 | Lair:3   | jacquesderrida: razrabotchiki zaebali
  5301 | Lair:3   | DEFE: когда надо копнуть, а нечем
  5383 | Lair:3   | Received a gift from Sif Muna
  5393 | Lair:3   | Learned a level 6 spell: Iron Shot
  5422 | Lair:3   | ololoev: но вообще конечно да, я не понимаю зачем вырезать вещи, которые не мешают
  5478 | Lair:3   | You fall through a shaft!
  5479 | Lair:4   | jacquesderrida: hehehehehehehee
  5479 | Lair:4   | ololoev: ну блин офигеть
  5479 | Lair:4   | ololoev: оппрессив хэт вейв оф фрост
  5638 | Lair:4   | Found a staircase to the Swamp.
  5704 | Lair:4   | Reached skill level 1 in Fighting
  5735 | Lair:4   | Found a frozen archway.
  5821 | IceCv    | Entered an ice cave
  5835 | IceCv    | Reached XP level 13. HP: 64/64 MP: 19/33
  5958 | IceCv    | Got a distressingly furry ring mail
  6094 | Lair:3   | ololoev: эх, не успел в вулканчик
  6105 | Lair:3   | jacquesderrida: get book gifts at 2* piety instead of 5* channeling ability has been completely rewritten. For 50 piety, all spells cost 0 mp for 20-40 turns, based on invocations. passive ability: conserve MP: with higher invocations levels, spells cost less MP to cast. Starts at 1*.
  6109 | Lair:3   | ololoev: чего?
  6109 | Lair:3   | jacquesderrida: ;^)
  6109 | Lair:3   | jacquesderrida: SEEF MOONA
  6109 | Lair:3   | jacquesderrida: Remove food no more chopping or eating fruits and royal jelly can be consumed with the quaff command consume fruit to regain stamina! (also used by Fedhas) consum royal jelly to reduce stamina costs by 75% ! vampire still drink blood to change their satiation level ghouls automatically eat some of the corpses they kill to heal and cure rot
  6109 | Lair:3   | ololoev: да нифига же
  6109 | Lair:3   | ololoev: это все россказни
  6109 | Lair:3   | ololoev: коммитов не было
  6110 | Lair:3   | jacquesderrida: ne
  6125 | Lair:3   | jacquesderrida: praymo schas mozhno zageimit
  6131 | Lair:3   | jacquesderrida: Enchanted Forest and Dwarven Halls (now called Dwarven Fortress) brought back
  6147 | Lair:3   | jacquesderrida: Mottled Draconian now has rF+ and rC+ sticky flame can go 2 spaces instead of 1 +1 apt for elemental magics and poison
  6147 | Lair:3   | jacquesderrida: ;^)
  6174 | Lair:3   | jacquesderrida: https://github.com/jeremygurr/dcssca
  6177 | Lair:3   | jacquesderrida: daun kakoy-to delaet
  6379 | Lair:4   | jacquesderrida: Monsters can't use stairs, but if they hurt you while going up or down stairs, you are interrupted. Eliminates ability of player to pull apart groups of monsters into bite size pieces. Eliminates easy escapes on stairs when monsters can still inflict damage (even ranged ones).
  6428 | Lair:4   | jacquesderrida: неблохо
  6538 | Lair:5   | Reached skill level 15 in Spellcasting
  6663 | Lair:5   | Reached skill level 1 in Shields
  6974 | Lair:5   | Found a hole to the Spider Nest.
  7013 | Lair:6   | Found a staircase to the Slime Pits.
  7019 | Lair:6   | Received a gift from Sif Muna
  7021 | Lair:6   | Identified Sif Muna's Collected Works on Transmutation (Sif Muna gifted it to you on level 6 of the Lair of Beasts)
  7085 | Lair:6   | Identified a scroll of acquirement
  7086 | Lair:6   | Got a heavily runed buckler
  7099 | Lair:6   | Identified the +0 buckler of Defiance {rF++ Str-5} (You acquired it on level 6 of the Lair of Beasts)
  7099 | Lair:6   | Lost strength.
  7328 | Lair:8   | Entered Level 8 of the Lair of Beasts
  7397 | Lair:8   | Reached skill level 5 in Dodging
  7432 | Lair:8   | Found a labyrinth entrance.
  7450 | Lab      | Entered a labyrinth
  7665 | Lab      | Noticed anele's ghost (novice DsFi)
  7724 | Lab      | Reached XP level 14. HP: 72/72 MP: 26/35
  7815 | Lab      | Got a transparent golden ring
  8037 | Lair:8   | Identified the ring of Quarrel {rF+ Int-5 Dex+8} (You found it in a labyrinth)
  8073 | Lair:8   | Found a runed door.
  8405 | Lair:8   | Reached skill level 16 in Spellcasting
  8510 | Swamp:1  | Entered Level 1 of the Swamp
  8599 | Swamp:2  | Paralysed by a hornet for 3 turns
  8643 | Swamp:2  | Noticed a thorn hunter
  8648 | Swamp:2  | Killed a thorn hunter
  8710 | Swamp:2  | Got a bloodstained flail
  8749 | Swamp:3  | crauler: лол
  8749 | Swamp:3  | Reached skill level 1 in Earth Magic
  8750 | Swamp:3  | crauler: МуЦк заходит в комнату орба
  8751 | Swamp:3  | crauler: один шаг сделал
  8753 | Swamp:3  | crauler: конфуз
  8776 | Swamp:4  | Entered Level 4 of the Swamp
  8872 | Swamp:4  | Received a gift from Sif Muna
  8873 | Swamp:4  | Identified Sif Muna's Grimoire of Confrontation (Sif Muna gifted it to you on level 4 of the Swamp)
  8911 | Swamp:4  | Learned a level 7 spell: Delayed Fireball
  8972 | Swamp:4  | Slain by an eight-headed hydra zombie

Dungeon Overview and Level Annotations

Branches:
Dungeon (11/15)            Temple (1/1) D:6            Lair (8/8) D:9
  Swamp (4/4) Lair:4       Spider (0/4) Lair:5        Slime (0/6) Lair:6
    Orc (1/2) D:10

Altars:
Cheibriados
Dithmenos
Elyvilon
Fedhas
Gozag
Nemelex Xobeh
Pakellas
Ru
Sif Muna
Vehumet
Xom
Yredelemnul
The Shining One

Shops:
D:4 }

Annotations:
D:7 Joseph; Pikel


Message History

You channel some magical energy.
You are feeling hungry.
You enter the shallow water.
Moving in this stuff is going to be slow.
Found a scroll of teleportation.
You enter the shallow water.
Moving in this stuff is going to be slow.
Eat which item? (? for menu, Esc to quit)
That banana was delicious!
Even the peel tasted good!
Okay, then.
Okay, then.
Okay, then.
Really walk into a travel-excluded area?
Found 30 gold pieces.
Really walk into a travel-excluded area?
Really walk into a travel-excluded area?
Really walk into a travel-excluded area?
A death drake comes into view.
You are engulfed in dark miasma.
You are poisoned.
You feel sick.
You are engulfed in dark miasma.
You are more poisoned.
You feel yourself slow down.
You feel sick.
The death drake roars!
You see here 30 gold pieces.
Casting: Iron Shot
Confirm with . or Enter, or press ? or * to list all spells.
Aiming: Bolt of Fire
Press: ? - help, Shift-Dir - straight line, f - death drake
Aim: a death drake (water)
You feel a surge of power!
The bolt of fire misses the death drake.
You are engulfed in dark miasma.
You are more poisoned.
You feel extremely sick.
The death drake is engulfed in a cloud of scalding steam.
A six-headed hydra zombie comes into view.
You feel better.
The six-headed hydra zombie is engulfed in a cloud of scalding steam. x2
Casting: Bolt of Fire
Confirm with . or Enter, or press ? or * to list all spells.
Aiming: Iron Shot
Press: ? - help, Shift-Dir - straight line, f/p - death drake
Aim: a death drake (lightly wounded)
You feel a surge of power!
The iron shot hits the death drake.
The death drake is heavily wounded.
You are engulfed in dark miasma.
You are poisoned.
You feel your flesh rotting away!
You feel as though you will be slow longer.
You feel sick.
You hear a chilling moan. x2
The death drake barely misses you. The death drake breathes miasma at you.
The foul vapour misses you. 2 zombies come into view.
Unknown command.
Casting: Iron Shot
Confirm with . or Enter, or press ? or * to list all spells.
Aiming: Iron Shot
Press: ? - help, Shift-Dir - straight line, f/p - death drake
Aim: a death drake (foul pestilence, heavily wounded, catching its breath)
You feel a surge of power!
The iron shot hits the death drake.
The death drake is almost dead.
You are engulfed in dark miasma.
You are more poisoned.
You feel very sick.
You hear a chilling moan.
The death drake barely misses you. x2
An insubstantial wisp and a spectral thing come into view.
As you read the scroll of teleportation, it crumbles to dust.
You feel strangely unstable.
You feel very sick. The death drake breathes miasma at you.
The foul vapour engulfs you!
You are more poisoned.
The insubstantial wisp moves out of view.
The death drake bites you.
You block the eight-headed hydra zombie's attack.
The eight-headed hydra zombie bites you!
You die...

You could see a death drake, a spectral eight-headed hydra, a spectral six-headed hydra, an eight-headed hydra zombie, a six-headed hydra zombie and 2 swamp dragon zombies.

Vanquished Creatures
  A thorn hunter (Swamp:2)
  A dire elephant (Lair:2)
  A minotaur (Lab)
  A fire dragon (Lair:8)
  5 hydras
  The ghost of tstbtto the Cleaver, a novice HOGl of Makhleb (D:9)
  5 death yaks (Lair:5)
  An unseen horror (Lab)
  2 lindwurms
  A necromancer (IceCv)
  A hill giant (D:10)
  A wolf spider (Lair:8)
  2 hornets
  2 griffons (Lair:5)
  26 elephants
  A guardian serpent (Lair:8)
  13 spiny frogs
  11 black mambas
  9 torpor snails
  4 ice statues (IceCv)
  7 gargoyles
  3 swamp worm zombies (Swamp:4)
  5 komodo dragons
  3 rime drakes
  4 ice devils (IceCv)
  3 trolls
  9 giant leeches
  10 slime creatures
  4 polar bears
  4 blink frogs (Lair:2)
  5 bog bodies
  2 alligator zombies (Swamp:4)
  A boulder beetle (Lair:7)
  2 spriggans
  4 wyverns (Lair:8)
  A basilisk (Lair:3)
  25 yaks
  3 hippogriffs
  2 swamp worms
  Edmund (D:4)
  5 porcupines
  12 water moccasins
  3 swamp drakes (Swamp:2)
  A phantom (D:4)
  3 ogres
  A black bear (Lair:5)
  7 wasps
  3 orc warriors
  2 centaurs
  15 wolves
  16 crocodiles
  Blork the orc (D:4)
  A big kobold (D:10)
  An earth elemental (Lab)
  13 giant frogs
  A wyvern skeleton (D:7)
  2 scorpions
  2 spriggan skeletons (Lab)
  3 electric eels (D:9)
  7 killer bees (D:10)
  2 howler monkeys
  4 crimson imps
  7 hounds
  A centaur zombie (D:9)
  4 jellies
  3 centaur skeletons
  8 orc wizards
  Natasha (D:4)
  4 worker ants
  9 iguanas
  12 sheep
  2 ogre skeletons (Lab)
  A hound skeleton (D:4)
  A howler monkey skeleton (D:9)
  35 river rats
  6 adders
  2 shadow imps
  An ooze (D:4)
  An adder zombie (D:5)
  An adder skeleton (D:8)
  18 worms
  A dart slug (D:2)
  5 giant geckos
  23 orcs
  5 giant cockroaches
  4 goblins
  A hobgoblin (D:1)
  A jackal (D:9)
  2 quokkas
  A bat (D:1)
  A giant gecko skeleton (D:4)
  2 giant newts
  8 kobolds
  A rat (D:1)
  14 fungi
  20 plants
498 creatures vanquished.

Vanquished Creatures (others)
  70 fungi
  36 plants
106 creatures vanquished.

Grand Total: 604 creatures vanquished

Action                   |  1- 3 |  4- 6 |  7- 9 | 10-12 | 13-15 || total
-------------------------+-------+-------+-------+-------+-------++-------
Melee: Flail             |       |     7 |    54 |     3 |       ||    64
       Staff             |       |       |       |       |     4 ||     4
 Cast: Flame Tongue      |    31 |    46 |    81 |    31 |       ||   189
       Conjure Flame     |       |     1 |    15 |    12 |     7 ||    35
       Inner Flame       |       |     1 |     9 |    18 |    26 ||    54
       Sticky Flame      |       |     1 |    17 |    41 |    19 ||    78
       Fireball          |       |       |    27 |   137 |   176 ||   340
       Bolt of Fire      |       |       |       |    13 |    32 ||    45
       Orb of Destructio |       |       |       |     3 |     1 ||     4
       Iron Shot         |       |       |       |       |    22 ||    22
       Delayed Fireball  |       |       |       |       |     1 ||     1
Invok: Channel Energy    |       |       |    90 |   295 |   338 ||   723
Evoke: Wand              |       |       |     2 |       |       ||     2
  Use: Potion            |       |     1 |     1 |     4 |     4 ||    10
       Scroll            |       |       |     8 |     7 |    12 ||    27
  Eat: Chunk             |       |       |    22 |    66 |    64 ||   152
       Pizza             |       |       |     1 |       |     2 ||     3
       Meat ration       |       |       |     1 |       |       ||     1
       Fruit             |       |       |       |     2 |     2 ||     4
       Royal jelly       |       |       |       |       |     1 ||     1
Armor: Robe              |     2 |     9 |    35 |    33 |    14 ||    93
Dodge: Dodged            |     9 |    12 |    81 |    60 |    50 ||   212
Block: Buckler           |       |       |       |       |    12 ||    12

Vault maps used:
D:1:      mrwooster_arrival_arrow, minmay_misc_feat_chi
D:3:      gammafunk_temple_overflow_elements, grunt_pakellas_mercury,
          grunt_qazlal_sundering, kennysheep_cross_room,
          hangedman_decor_clover_reticule
D:4:      serial_shops, kennysheep_little_box,
          nicolae_ru_great_annihilating_truth, uniq_edmund, uniq_natasha,
          uniq_blork_the_orc
D:5:      serial_shops, nicolae_shop_waterfront, first_bread,
          minmay_misc_feat_five
D:6:      lemuel_coloured_pillars_altar, minmay_temple_entry_large_hall,
          grunt_decor_arrowhead, grunt_decor_mini_mirrors
D:7:      kennysheep_mini, basic_altar, uniq_pikel, uniq_joseph
D:8:      lemuel_zombie_altar_kikubaaqudgha, lemuel_doored_altar,
          lemuel_round_altar, old_standard_altar
D:9:      kennysheep_big_flooded_room, erik_lair_island
D:10:     orc_0_dummy
Temple:   jpeg_temple_clearing_12
Lair:1:   beast_lair_carwin_large_1
Lair:2:   mu_elephants_graveyard, kennysheep_snail_temple
Lair:3:   basic_altar, grunt_megastairs_3, infiniplex_staircase_pool
Lair:4:   boulder_dual_corridor_run, minmay_swamp_entry_worms,
          lightli_volcano_entry_magma_tube, portal_ice_cave_rime,
          grunt_forest_large_clearings
Lair:5:   dummy_spider_entry, grunt_forest_stairs_clearing, grunt_megastairs_5
Lair:6:   minmay_slime_entry_pillars, zaba_anthell
Lair:7:   lemuel_fruit_tree
Lair:8:   hangedman_lair_tendril_chambers, wormcave, lab_entry_generic,
          serial_bayou_pond_c
Swamp:1:  hangedman_swamp_lotus, infiniplex_staircase_pool_2
Swamp:2:  evilmike_swamp_ruin_rubble_1, swamp_pool5
Swamp:3:  basic_altar, uniq_kirke
Swamp:4:  swamp_pestilence, swamp_pool2, uniq_aizul
Orc:1:    uniq_maurice
Lab:      nicolae_lab_do_over, labyrinth_fake_exit, nicolae_lab_garden,
          lab_hedge, nicolae_lab_grate, nicolae_lab_hexagon, labyrinth_glass_1,
          nicolae_lab_grate_2, nicolae_lab_quarters, lab_block,
          nicolae_lab_t_cross
IceCv:    ice_cave_tombish
